 Dungeon Crawl Stone Soup version 0.16.1-30-g34a7ffa (webtiles) character file.

95 Krapule the Twirler (level 4, -4/35 HPs)
             Began as a Demonspawn Gladiator on June 18, 2015.
             Slain by Sigmund
             ... wielding a +0 scythe
              (11 damage)
             ... on level 2 of the Dungeon.
             The game lasted 00:05:40 (2162 turns).

Krapule the Twirler (Demonspawn Gladiator)          Turns: 2162, Time: 00:05:40

Health: -4/35      AC:  4    Str: 17    XL:     4   Next: 39%
Magic:  4/4        EV: 13    Int:  9    God:
Gold:   115        SH:  0    Dex: 13    Spells: 0 memorised, 3 levels left

rFire  . . .     SeeInvis .     a - +0 quarterstaff
rCold  . . .     Clarity  .     b - +0 leather armour
rNeg   . . .     SustAb   .     (no shield)
rPois  .         Gourm    .     c - +0 helmet
rElec  .         Spirit   .     (no cloak)
rCorr  .         Warding  .     (no gloves)
rMut   .         Stasis   .     (no boots)
MR     .....                    (no amulet)
Stlth  +.........               (no ring)
                                (no ring)

@: confused, not resistant to hostile enchantments, very unstealthy
A: spiny 1
a: no special abilities


You were on level 2 of the Dungeon.
You were not hungry.

You visited 1 branch of the dungeon, and saw 2 of its levels.

You collected 115 gold pieces.

Inventory:

Hand weapons
 a - a +0 quarterstaff (weapon)
Missiles
 d - 2 throwing nets (quivered)
Armour
 b - a +0 leather armour (worn)
 c - a +0 helmet (worn)
Jewellery
 n - an uncursed amulet of the gourmand {unknown}
Scrolls
 h - 2 scrolls of random uselessness {unknown}
 j - a scroll of recharging {unknown}
 k - 2 scrolls of immolation {unknown}
 l - a scroll of remove curse {unknown}
 o - 3 scrolls of teleportation {unknown}
 p - a scroll of blinking {unknown}
Potions
 e - 2 potions of heal wounds {unknown}
 g - 3 potions of might {unknown}
 i - a potion of haste {unknown}
 m - a potion of poison {unknown}
Comestibles
 f - a bread ration


   Skills:
 + Level 3.2 Fighting
 + Level 3.2 Staves
 - Level 2.0 Throwing
 + Level 1.1 Armour
 + Level 3.2 Dodging


You had 3 spell levels left.
You didn't know any spells.

Dungeon Overview and Level Annotations

Branches:
Dungeon (2/15)

Altars:
Nemelex Xobeh

Annotations:
D:2 Sigmund


Innate Abilities, Weirdness & Mutations

You are partially covered in sharp spines.


Message History

Sigmund gestures wildly while chanting.
Sigmund flickers and vanishes!
You hear some strange, mumbled words.
The magic dart hits you!
You miss something. Something barely misses you.
You closely miss something.
You hear some strange, mumbled words.
Something tries to affect you, but you resist.
You hit something. Something hits you.
You hit something but do no damage. Something barely misses you.
You thump something! You miss something.
You hear some strange, mumbled words.
The puff of flame hits you!
You hear some strange, mumbled words.
You are confused.
Something hits you!
* * * LOW HITPOINT WARNING * * *
Something hits you!
You die...

...###[..................#.>.....
................#..........######
####...........#.................
#..##...#..........###########
#######..<.....##..##########
####......##.#............#
#####............#.##.........#
##.....#.#####.#....##.........##
#........)....{.@................
#.....##.....#...<###...........
###.####.######...###..........#
###.......# #................#.
.....###### #.##..####.........
.....# #(###.##...#..#.)## ....##
####.##.....###..#..## ....#
#..((##...##.....#.... .####
#...(##...............


There were no monsters in sight!

Vanquished Creatures
  4 adders (D:2)
  3 worms (D:2)
  2 giant geckos
  An ooze (D:2)
  A giant cockroach (D:2)
  5 goblins
  4 hobgoblins
  A ball python (D:1)
  8 bats (D:1)
  2 giant newts (D:1)
  7 kobolds
  9 rats
47 creatures vanquished.

Notes
Turn   | Place    | Note
--------------------------------------------------------------
     0 | D:1      | Krapule, the Demonspawn Gladiator, began the quest for the Orb.
     0 | D:1      | Reached XP level 1. HP: 16/16 MP: 1/1
   426 | D:1      | Gained mutation: You are partially covered in sharp spines. [demonic ancestry]
   426 | D:1      | Reached XP level 2. HP: 22/22 MP: 2/2
   678 | D:1      | Reached skill level 3 in Staves
   843 | D:2      | Reached XP level 3. HP: 21/28 MP: 3/3
  1570 | D:2      | Found a sparkling altar of Nemelex Xobeh.
  1652 | D:2      | Reached XP level 4. HP: 31/35 MP: 4/4
  1761 | D:2      | Reached skill level 1 in Armour
  1980 | D:2      | Noticed Sigmund
  2162 | D:2      | Slain by Sigmund

Action                   |  1- 3 |  4- 6 || total
-------------------------+-------+-------++-------
Melee: Quarterstaff      |   131 |    37 ||   168
Throw: Throwing net      |       |     1 ||     1
 Stab: Sleeping          |     1 |       ||     1
  Eat: Chunk             |     2 |     2 ||     4
